Map: [ESL] Hardwire

Players

herO - Winner!

  • Race: Protoss Protoss

Nice

  • Race: Protoss Protoss

Event: IEM Katowice 2022

VOD

Have the link to the VOD?

Description

Time

  • Played on: Feb. 23, 2022, 6:13 a.m.
  • Length: 10:31

All games in this series

Show
View Real Time Build Order
Export as new Build Order

herO Protoss - Winner!

Build Orders: Oracle Opening 

Get SALT Encoding   

  12  0:00  Probe  
  13  0:12  Probe  
  14  0:17  Pylon  
  14  0:24  Probe (Chrono Boost)  
  16  0:36  Probe (Chrono Boost)  
  16  0:37  Gateway  
  16  0:43  Probe (Chrono Boost)  
  16  0:47  Assimilator  
  17  0:50  Probe  
  18  1:03  Probe (Chrono Boost)  
  19  1:04  Assimilator  
  19  1:06  Pylon  
  19  1:13  Probe (Chrono Boost)  
  19  1:18  Probe (Chrono Boost)  
  19  1:25  Cybernetics Core  
  20  1:29  Probe  
  20  1:31  Zealot  
  23  1:41  Probe  
  23  1:44  Pylon  
  24  1:53  Probe  
  25  2:01  Stalker  
  27  2:07  Stargate  
  27  2:09  Probe  
  28  2:16  Warp Gate  
  28  2:37  Nexus  
  28  2:41  Probe  
  28  2:47  Oracle (Chrono Boost)  
  31  2:53  Probe  
  32  2:59  Shield Battery  
  32  3:05  Probe  
  33  3:14  Oracle (Chrono Boost)  
  33  3:17  Pylon  
  33  3:19  Probe  
  37  3:28  Gateway  
  37  3:33  Probe  
  38  3:42  Twilight Council  
  38  3:51  Probe  
  38  3:52  Probe  
  38  3:55  Oracle (Chrono Boost)  
  43  4:08  Gateway  
  43  4:09  Stalker  
  45  4:13  Probe  
  45  4:14  Probe  
  47  4:19  Pylon  
  47  4:25  Probe  
  47  4:26  Probe  
  47  4:30  Blink (Chrono Boost)  
  49  4:32  Assimilator  
  49  4:37  Probe  
  50  4:39  Probe  
  50  4:42  Shield Battery  
  51  4:53  Probe x2  
  51  4:54  Stalker  
  51  4:57  Stalker  
  57  5:05  Probe x2  
  57  5:06  Stalker  
  61  5:09  Pylon  
  61  5:17  Probe  
  61  5:18  Probe  
  61  5:19  Forge  
  63  5:27  Stalker x2  
  67  5:33  Stalker  
  69  5:40  Probe x2  
  68  5:52  Probe x2  
  70  5:58  Protoss Ground Weapons Level 1 (Chrono Boost)  
  70  6:00  Nexus  
  70  6:05  Probe  
  70  6:06  Probe  
  70  6:10  Pylon  
  72  6:21  Sentry, Stalker  
  72  6:22  Stalker  
  78  6:28  Probe x2  
  78  6:32  Charge  
  80  6:40  Shield Battery  
  80  6:41  Probe x2  
  82  6:50  Phoenix  
  82  6:53  Probe x2 (Chrono Boost)  
  84  6:58  Gateway  
  84  7:03  Gateway  
  84  7:04  Robotics Facility  
  84  7:05  Pylon, Probe x2 (Chrono Boost)  
  84  7:06  Pylon  
  86  7:12  Probe x2 (Chrono Boost)  
  86  7:13  Sentry  
  86  7:14  Probe (Chrono Boost), Zealot  
  93  7:16  Sentry  
  93  7:19  Probe x2  
  97  7:23  Pylon  
  97  7:24  Probe  
  97  7:27  Gateway  
  98  7:36  Gateway x2  
  98  7:46  Probe  
  98  7:47  Probe, Protoss Ground Weapons Level 2 (Chrono Boost)  
  98  7:50  Nexus  
  100  7:52  Pylon  
  100  7:55  Warp Prism (Chrono Boost)  
  100  7:58  Templar Archives  
  100  8:02  Zealot  
  100  8:03  Zealot  
  105  8:15  Photon Cannon  
  102  8:24  Observer  
  102  8:26  Photon Cannon  
  103  8:27  Photon Cannon  
  103  8:31  Probe x3  
  103  8:33  Photon Cannon  
  106  8:41  High Templar x2, Zealot  
  106  8:42  Zealot x4  
  106  8:45  Archon  
  106  8:46  Zealot  
  122  8:48  Probe x2  
  122  8:49  Probe  
  122  8:54  Pylon, Observer  
  122  8:55  Pylon  
  126  9:00  Probe  
  127  9:08  Zealot x6  
  139  9:13  Zealot x2  
  143  9:35  Zealot x8  
  147  9:45  Gateway  
  147  9:47  Gateway  
  147  9:48  Gateway  
  147  9:51  Gateway  
  129  9:55  Zealot x8  
  94  10:21  Zealot x8  
Show
View Real Time Build Order
Export as new Build Order

Nice Protoss 

Build Orders: 1 Gate Expand 

Get SALT Encoding   

  12  0:00  Probe  
  13  0:12  Probe  
  14  0:19  Pylon  
  14  0:24  Probe  
  15  0:37  Probe (Chrono Boost)  
  15  0:38  Gateway  
  16  0:48  Assimilator, Probe (Chrono Boost)  
  17  0:53  Probe (Chrono Boost)  
  18  1:03  Probe  
  19  1:15  Probe  
  20  1:28  Nexus  
  20  1:37  Cybernetics Core  
  20  1:43  Assimilator  
  20  1:45  Probe  
  21  1:52  Pylon  
  21  1:57  Probe  
  22  2:09  Probe  
  22  2:10  Stalker (Chrono Boost)  
  25  2:20  Robotics Facility  
  25  2:21  Warp Gate (Chrono Boost)  
  25  2:31  Stalker (Chrono Boost)  
  27  2:38  Shield Battery  
  27  2:44  Shield Battery  
  29  3:03  Shield Battery  
  29  3:05  Immortal (Chrono Boost)  
  31  3:18  Gateway  
  31  3:23  Probe  
  32  3:29  Stalker  
  35  3:35  Probe  
  35  3:40  Pylon  
  35  3:42  Probe  
  35  3:50  Probe  
  35  3:53  Observer  
  37  3:59  Probe  
  39  4:16  Adept x2  
  42  4:19  Probe  
  42  4:23  Probe  
  44  4:31  Probe (Chrono Boost)  
  44  4:35  Twilight Council  
  44  4:37  Probe (Chrono Boost)  
  46  4:39  Observer  
  46  4:46  Pylon  
  46  4:55  Adept x2  
  46  5:04  Blink (Chrono Boost), Probe x2, Observer  
  49  5:16  Stalker  
  49  5:20  Stalker  
  54  5:34  Pylon, Probe  
  54  5:39  Stalker  
  54  5:49  Observer  
  54  5:51  Probe (Chrono Boost)  
  54  5:54  Probe (Chrono Boost)  
  54  5:58  Stalker, Observer  
  54  6:03  Probe (Chrono Boost)  
  56  6:05  Pylon  
  56  6:06  Stalker  
  56  6:07  Probe (Chrono Boost)  
  56  6:08  Probe (Chrono Boost)  
  59  6:15  Probe  
  59  6:17  Probe  
  61  6:18  Dark Shrine  
  61  6:23  Assimilator  
  61  6:25  Assimilator  
  61  6:27  Probe  
  61  6:29  Probe  
  61  6:31  Stalker  
  61  6:32  Stalker  
  67  6:39  Probe  
  68  6:41  Probe  
  69  6:48  Pylon  
  69  6:51  Probe  
  69  6:52  Nexus  
  70  7:00  Forge  
  70  7:01  Charge (Chrono Boost)  
  70  7:06  Probe (Chrono Boost)  
  72  7:11  Probe (Chrono Boost)  
  73  7:16  Probe (Chrono Boost)  
  73  7:18  Gateway  
  73  7:20  Gateway, Probe (Chrono Boost)  
  73  7:21  Probe (Chrono Boost)  
  75  7:30  Dark Templar  
  75  7:31  Probe  
  75  7:32  Templar Archives  
  78  7:43  Pylon  
  78  7:44  Observer  
  78  7:48  Pylon  
  78  7:54  Gateway x2  
  78  8:01  Probe x2  
  78  8:02  Gateway  
  80  8:06  Gateway  
  80  8:09  High Templar x2  
  80  8:10  Probe  
  85  8:13  Probe x2  
  85  8:14  Archon  
  87  8:25  Shield Battery, Probe  
  89  8:28  Assimilator, Protoss Ground Weapons Level 1 (Chrono Boost)  
  89  8:29  Assimilator  
  89  8:32  Gateway x2  
  88  8:35  High Templar x2  
  88  8:38  Archon  
  92  8:41  Warp Prism  
  94  8:48  High Templar  
  94  8:51  Zealot x3  
  94  8:53  Archon  
  102  8:59  Zealot  
  102  9:00  Zealot  
  102  9:02  Shield Battery  
  106  9:05  Pylon  
  106  9:08  High Templar  
  108  9:15  Pylon  
  108  9:16  Pylon  
  108  9:17  Probe  
  108  9:23  High Templar  
  110  9:25  High Templar x2  
  110  9:26  Zealot  
  110  9:27  Archon  
  110  9:30  Archon  
  114  9:34  Zealot x2  
  114  9:35  Zealot x3  
  120  9:43  Zealot  
  114  9:47  Zealot  
  104  9:55  Zealot x6  
  98  10:04  Zealot x2  
  88  10:07  Zealot  
  74  10:15  Zealot x4  
  74  10:18  Zealot  
  72  10:25  High Templar x2  
  71  10:29  Archon  

Tags
 
Add a new tag
Caveats
  • Supply blocks, unpowered buildings, or Contaminate may cause inaccurate times.
  • Supply counts are checked every 10 seconds.